 Dungeon Crawl Stone Soup version 0.30-a0-12-gd8047c6341 (webtiles) character file.

Game seed: 6653287288213199896

189 QueenGhuleh the Chopper (level 5, -3/48 HPs)
             Began as a Minotaur Berserker on Aug 23, 2022.
             Was a Believer of Trog.
             Slain by a gnoll
             ... wielding a +0 halberd
              (8 damage)
             ... on level 4 of the Dungeon.
             The game lasted 00:08:07 (2828 turns).

QueenGhuleh the Chopper (Minotaur Berserker)        Turns: 2828, Time: 00:08:08

Health: -3/48      AC:  5    Str: 23    XL:     5   Next: 40%
Magic:  4/4        EV: 11    Int:  4    God:    Trog [**....]
Gold:   193        SH:  0    Dex: 10    Spells: 4/4 levels left

rFire   . . .      SeeInvis .    p - +0 flail (drain)
rCold   . . .      Faith    .    (no shield)
rNeg    . . .      Spirit   .    q - +0 ring mail
rPois   +          Reflect  .    (helmet restricted)
rElec   .          Harm     .    (no cloak)
rCorr   .          Rampage  .    (no gloves)
Will    .....                    (no boots)
Stlth   +.........               (no amulet)
HPRegen 0.16/turn                j - ring of poison resistance
MPRegen 0.09/turn                (no ring)

@: on berserk cooldown, slowed, very slow
A: horns 2, retaliatory headbutt
a: Renounce Religion, Berserk, Trog's Hand


You were on level 4 of the Dungeon.
You worshipped Trog.
Trog was pleased with you.
You visited 1 branch of the dungeon, and saw 4 of its levels.

You collected 193 gold pieces.

Inventory:

Hand Weapons
 a - a +0 hand axe
 p - a +0 flail of draining (weapon)
Armour
 q - a +0 ring mail (worn)
Jewellery
 j - a ring of poison resistance (left hand)
 n - an amulet of the acrobat
Scrolls
 c - 7 scrolls of identify {unknown}
 e - a scroll of immolation {unknown}
 f - a scroll of enchant weapon {unknown}
 g - a scroll of fog {unknown}
 h - a scroll of torment {unknown}
 k - a scroll of poison {unknown}
 l - a scroll of vulnerability {unknown}
 m - a scroll of blinking {unknown}
 o - a scroll of teleportation {unknown}
 r - a scroll of brand weapon {unknown}
Potions
 b - a potion of degeneration {unknown}
 d - 2 potions of haste {unknown}
 i - 2 potions of lignification {unknown}
 s - 2 potions of curing {unknown}


   Skills:
 + Level 5.0 Fighting
 + Level 5.2(5.3) Axes
 + Level 1.2(3.4) Maces & Flails
 + Level 2.8 Armour
 + Level 3.3 Dodging
 + Level 0.8 Stealth


You had 4 spell levels left.
You didn't know any spells.
Your spell library was empty.

Dungeon Overview and Level Annotations

Branches:
Dungeon (4/15)
 Temple: D:4-7

Altars:

Portals:
Sewer: D:4


Innate Abilities, Weirdness & Mutations

You have a pair of horns on your head.
You reflexively headbutt those who attack you in melee.


Message History

A gnoll comes into view. It is wielding a +0 whip.
Things that are here:
a +0 club; a goblin corpse The gnoll shouts!
You hear a shout!
A gnoll comes into view. It is wielding a +0 halberd.
There is an open door here.
You sock the gnoll!
You kill the gnoll!
Trog accepts your kill. The gnoll misses you.
The gnoll hits you with a +0 spear. The gnoll closely misses you.
You closely miss the gnoll. The gnoll hits you with a +0 spear.
The gnoll barely misses you. The gnoll hits you with a +0 spear.
You barely miss the gnoll. The gnoll barely misses you.
The gnoll hits you with a +0 spear.
You are too injured to fight recklessly!
You are too injured to fight recklessly!
A red film seems to cover your vision as you go berserk!
You feel yourself moving faster!
You feel mighty! The gnoll barely misses you.
The gnoll hits you with a +0 spear!
You sock the gnoll! You drain the gnoll. Your headbutt misses the gnoll.
The gnoll is almost dead.
The gnoll closely misses you. You furiously retaliate!
You headbutt the gnoll! The gnoll hits you but does no damage.
You sock the gnoll!
You kill the gnoll!
Trog accepts your kill. The gnoll barely misses you.
Your base Maces & Flails skill increases to level 1!
The gnoll barely misses you.
Things that are here:
a +0 spear; a scroll labelled BUMOCV WAUFF; a gnoll corpse You feel a strong urge to attack something.
The gnoll hits you from afar with a +0 halberd!
You feel your anger nearly subside.
You are no longer berserk.
You are exhausted.
You feel yourself slow down. The gnoll hits you with a +0 halberd!
* * * LOW HITPOINT WARNING * * *
The gnoll hits you with a +0 halberd!
You die...

..~~~.............#
.~~~~~............#
.~~∩~~)...........#
.~~~~†..######....#
..~~~.......)'(...#
...........)†#....#
.........##..#.)..####..
...†.##..##..#..........
.....#....#..#)g@.......
.....#....+..#..........
.....#########..........
.....................##.
.....................#
.....................#
.....................#
.....##############+##
.....#


You could see a gnoll.

Vanquished Creatures
  An iguana (D:4)
  2 gnolls (D:4)
  6 adders
  A river rat (D:4)
  A worm (D:3)
  4 dart slugs
  4 orcs
  2 endoplasms
  5 giant cockroaches
  6 goblins
  5 hobgoblins
  5 quokkas
  10 ball pythons
  4 bats (D:2)
  5 kobolds
  9 rats
70 creatures vanquished.

Notes
Turn   | Place    | Note
-------+----------+-------------------------------------------
     0 | D:1      | QueenGhuleh the Minotaur Berserker began the quest for the
                  | Orb.
     0 | D:1      | Reached XP level 1. HP: 19/19 MP: 0/0
   381 | D:1      | Reached XP level 2. HP: 24/27 MP: 1/1
   894 | D:2      | Reached XP level 3. HP: 27/33 MP: 2/2
  1663 | D:2      | Found a faded altar of an unknown god.
  1668 | D:2      | Reached ** piety under Trog
  1903 | D:3      | Reached XP level 4. HP: 41/41 MP: 3/3
  2701 | D:4      | Reached skill level 5 in Axes
  2720 | D:4      | Found a glowing drain.
  2725 | D:4      | Reached skill level 5 in Fighting
  2743 | D:4      | Reached XP level 5. HP: 41/48 MP: 4/4
  2824 | D:4      | Reached skill level 1 in Maces & Flails
  2828 | D:4      | Slain by a gnoll

Illustrated notes

Levels and vault maps discovered:
D:1:      wander_arrival_estate, layout_basic
D:2:      layout_basic, nicolae_ecumenical_snake_handling
D:3:      layout_basic
D:4:      layout_gridville, portal_sewer_entry_a, serial_park_tiny_pond

Skill      XL: |  1  2  3  4  5 |
---------------+----------------+-----
Fighting       | 4 5 |  5.0
Axes           | 4 5 |  5.2
Dodging        | 3 |  3.3
Maces & Flails | 1 |  1.2
Armour         | |  2.8
Stealth        | |  0.8

Action                   |  1- 3 |  4- 6 || total
-------------------------+-------+-------++-------
Melee: Hand axe          |    78 |    17 ||    95
       Headbutt          |    11 |     4 ||    15
       Flail             |       |    47 ||    47
Invok: Berserk           |       |     1 ||     1
Armor: Animal skin       |    14 |       ||    14
       Ring mail         |       |    19 ||    19
Dodge: Dodged            |    68 |    59 ||   127

Table legend: (Time is in decaauts)
 A = Elapsed time spent in this place.
 B = Non-inter-level travel time spent in this place.
 C = Inter-level travel time spent in this place.
 D = Time resting spent in this place.
 E = Time spent auto-exploring this place.
 F = Levels seen in this place.
 G = Mean time per level.
                   A        B        C        D        E       F      G
               +--------+--------+--------+--------+--------+-----+--------+
         Total |   2844 |   2746 |     98 |      0 |   2305 |   4 |  711.0 |
       Dungeon |   2844 |   2746 |     98 |      0 |   2305 |   4 |  711.0 |
               +--------+--------+--------+--------+--------+-----+--------+

Top non-repeatable levels by time:
     D:2: 1037 daAuts
     D:1: 869 daAuts
     D:3: 686 daAuts
     D:4: 251 daAuts
